 Dungeon Crawl Stone Soup version 0.29-a0-275-g389c0b56f3 (webtiles) character file.

Game seed: 15316241543432474691

2549668 Ajdolov the Sensei (level 27, 263/263 HPs)
             Began as an Octopode Transmuter on Mar 12, 2022.
             Was an Initiate of Gozag.
             Escaped with the Orb
             ... and 4 runes!
             The game lasted 03:02:50 (59424 turns).

Ajdolov the Sensei (Octopode Transmuter)           Turns: 59424, Time: 03:02:51

Health: 263/263    AC: 35    Str:  6      XL:     27
Magic:  28/37      EV: 15    Int: 38 (39) God:    Gozag
Gold:   9186       SH: 17    Dex: 13      Spells: 24/47 levels left

rFire   + + +      SeeInvis +     - Unarmed
rCold   + + +      Faith    .   X - +2 shield of Resistance {rF++ rC++ Will++}
rNeg    + + +      Spirit   .   L - +2 hat {SInv}
rPois   ∞          Reflect  .   m - amulet of regeneration
rElec   +          Harm     .   V - ring "Plog" {rC+ Will+ Slay+3}
rCorr   +          Rampage  .   h - +4 ring of slaying
Will    +++++      Clarity  +   l - +4 ring of protection
Stlth   ++........              y - +6 ring of intelligence
HPRegen 1.33/turn               D - ring "Viraneso" {rN+++ Str-4 Int+6 Dex-3 SInv}
MPRegen 0.25/turn               K - ring of protection from fire
                                t - ring of Orune {Drain +Blink Fly rElec Will+}
                                j - ring of resist corrosion

@: statue-form (expiring), flying, studying 2 skills, very slow
A: slow and powerful, torment resistance 1, boosted hp, almost no armour,
amphibious, 8 rings, camouflage 1, (gelatinous body 1), (nimble swimmer 1),
tentacles, agile 1, clarity, deterioration 1, fire resistance 1, sense
surroundings 1, screaming 2, subdued magic 1
0: Orb of Zot
}: 4/15 runes: decaying, serpentine, slimy, silver
a: End Transformation, Renounce Religion, Evoke Blink, Potion Petition, Call
Merchant, Bribe Branch


You escaped.
You worshipped Gozag.
Gozag was greatly pleased with you.
You were a living statue of rough stone.
You visited 11 branches of the dungeon, and saw 54 of its levels.
You visited the Abyss 1 time.
You visited 1 bazaar.
You also visited: Ossuary and Bailey.

You collected 31519 gold pieces.
You spent 4891 gold pieces at shops.
You paid 17442 gold pieces to Gozag.

Inventory:

Hand Weapons
 d - a +2 antimagic demon whip
Missiles
 k - 10 atropa-tipped darts (quivered)
 Z - 3 throwing nets
Armour
 L - a +2 hat of see invisible (worn)
 X - the +2 shield of Resistance (worn) {rF++ rC++ Will++}
   (You bought it in a shop on level 4 of the Swamp)

   rF:        It greatly protects you from fire.
   rC:        It greatly protects you from cold.
   Will:      It greatly increases your willpower.
Jewellery
 h - a +4 ring of slaying (right tentacle)
 j - a ring of resist corrosion (on tentacle)
 l - a +4 ring of protection (on tentacle)
 m - an amulet of regeneration (around mantle)
 t - the ring of Orune (on tentacle) {Drain +Blink Fly rElec Will+}
   (You found it on level 8 of the Dungeon)

   [ring of willpower]

   rElec:     It insulates you from electricity.
   Fly:       It grants you flight.
   +Blink:    It lets you blink.
   Drain:     It drains your maximum health when unequipped.
   Will:      It increases your willpower.
 y - a +6 ring of intelligence (on tentacle)
 D - the ring "Viraneso" (on tentacle) {rN+++ Str-4 Int+6 Dex-3 SInv}
   (You took it off a tengu reaver on level 5 of the Vaults)

   [ring of intelligence]

   Str:       It affects your strength (-4).
   Int:       It affects your intelligence (+6).
   Dex:       It affects your dexterity (-3).
   rN:        It renders you almost immune to negative energy.
   SInv:      It lets you see invisible.
 K - a ring of protection from fire (on tentacle)
 V - the ring "Plog" (left tentacle) {rC+ Will+ Slay+3}
   (You bought it in a shop on level 2 of the Orcish Mines)

   [ring of protection from cold]

   Slay:      It affects your accuracy & damage with ranged weapons and melee
   (+3).
   rC:        It protects you from cold.
   Will:      It increases your willpower.
Wands
 i - a wand of iceblast (37)
 r - a wand of polymorph (41)
 u - a wand of flame (53)
 z - a wand of paralysis (8)
 E - a wand of acid (22)
 J - a wand of charming (8)
 W - a wand of mindburst (3)
 Y - a wand of digging (4)
Scrolls
 c - 10 scrolls of fog
 g - 21 scrolls of teleportation
 n - 6 scrolls of immolation
 o - 12 scrolls of enchant armour
 q - a scroll of silence
 s - 4 scrolls of blinking
 v - 4 scrolls of summoning
 B - 4 scrolls of noise
 H - 2 scrolls of torment
 I - 4 scrolls of vulnerability
 M - 20 scrolls of identify
 O - 9 scrolls of fear
 P - 9 scrolls of amnesia
Potions
 a - 7 potions of lignification
 e - 11 potions of might
 f - 11 potions of haste
 p - 5 potions of heal wounds
 w - 6 potions of resistance
 x - 5 potions of magic
 A - 7 potions of cancellation
 C - 7 potions of brilliance
 F - 6 potions of attraction
 G - 22 potions of curing
 N - 3 potions of ambrosia
 T - 2 potions of mutation
Miscellaneous
 b - a lightning rod (4/4)
 Q - a phantom mirror
 R - a phial of floods
 S - a box of beasts
 U - a condenser vane


   Skills:
 + Level 20.7 Fighting
 + Level 9.6 Dodging
 - Level 5.1 Stealth
 - Level 20.0 Shields
 * Level 26.0 Unarmed Combat
 - Level 10.7 Spellcasting
 - Level 16.4 Transmutations
 - Level 4.4 Ice Magic
 - Level 13.1 Earth Magic
 - Level 10.0 Poison Magic
 * Level 21.1 Evocations


You had 24 spell levels left.
You knew the following spells:

 Your Spells              Type           Power      Damage    Failure   Level
a - Ignite Poison         Fire/Tmut/Pois 61%        N/A       1%          3
b - Statue Form           Tmut/Erth      53%        N/A       1%          6
c - Ice Form              Ice/Tmut       67%        N/A       1%          4
d - Eringya's Noxious Bo  Tmut/Pois      37%        N/A       1%          6
e - Olgreb's Toxic Radia  Pois           65%        N/A       1%          4

Your spell library contained the following spells:

 Spells                   Type           Power      Damage    Failure   Level
 Beastly Appendage        Tmut           100%       N/A       0%          1
 Sandblast                Erth           100%       2d20      0%          1
 Sting                    Tmut/Pois      100%       1d8       0%          1
 Passwall                 Tmut/Erth      66%        N/A       0%          2
 Wereblood                Tmut           84%        N/A       0%          2
 Spider Form              Tmut/Pois      75%        N/A       0%          3
 Animate Skeleton         Necr           30%        N/A       1%          1
 Apportation              Tloc           30%        N/A       1%          1
 Magic Dart               Conj           60%        1d6       1%          1
 Pain                     Necr           60%        1d7       1%          1
 Frozen Ramparts          Ice            82%        1d10      1%          3
 Mephitic Cloud           Conj/Pois/Air  35%        N/A       1%          3
 Stone Arrow              Conj/Erth      100%       3d13      1%          3
 Leda's Liquefaction      Hex/Erth       26%        N/A       1%          4
 Alistair's Intoxication  Tmut/Pois      50%        N/A       1%          5
 Blade Hands              Tmut           42%        N/A       1%          5
 Irradiate                Conj/Tmut      29%        3d23      1%          5
 Lee's Rapid Deconstruct  Erth           37%        3d20*     1%          5
 Yara's Violent Unravell  Hex/Tmut       29%        3d12      1%          5
 Dragon Form              Tmut           42%        N/A       1%          7
 Call Imp                 Summ           15%        N/A       2%          2
 Searing Ray              Conj           30%        2d5       2%          2
 Static Discharge         Conj/Air       15%        N/A       2%          2
 Sublimation of Blood     Necr           15%        N/A       2%          2
 Borgnjor's Vile Clutch   Necr/Erth      26%        N/A       3%          5
 Gell's Gravitas          Tloc           15%        N/A       6%          3
 Inner Flame              Hex/Fire       15%        N/A       6%          3
 Swiftness                Air            15%        N/A       6%          3
 Teleport Other           Tloc           15%        N/A       6%          3
 Tukima's Dance           Hex            15%        N/A       6%          3
 Vampiric Draining        Necr           15%        2d7       6%          3
 Hailstorm                Conj/Ice       28%        3d8       9%          4
 Summon Ice Beast         Ice/Summ       28%        N/A       9%          4
 Airstrike                Air            7%         N/A       22%         4
 Cause Fear               Hex            7%         N/A       22%         4
 Dispel Undead            Necr           15%        3d10      22%         4
 Fulminant Prism          Conj/Hex       7%         3d7       22%         4
 Passage of Golubria      Tloc           15%        N/A       22%         4
 Sticky Flame             Conj/Fire      15%        2d4       22%         4
 Summon Lightning Spire   Summ/Air       15%        N/A       22%         4
 Iron Shot                Conj/Erth      26%        9d6       22%         6
 Freezing Cloud           Conj/Ice/Air   12%        6-21      32%         5
 Iskenderun's Battlesphe  Conj           15%        2d7       52%         5
 Lightning Bolt           Conj/Air       7%         1d20      52%         5
 Silence                  Hex/Air        7%         N/A       52%         5
 Summon Forest            Summ/Tloc      7%         N/A       52%         5
 Summon Mana Viper        Hex/Summ       15%        N/A       52%         5
 Storm Form               Tmut/Air       29%        N/A       54%         7
 Simulacrum               Ice/Necr       14%        N/A       82%         6
 Ozocubu's Refrigeration  Ice            20%        4d9       97%         7
 Dispersal                Tloc           7%         N/A       98%         6
 Summon Cactus Giant      Summ           7%         N/A       98%         6
 Malign Gateway           Summ/Tloc      7%         N/A       100%        7
 Monstrous Menagerie      Summ           7%         N/A       100%        7
 Spellforged Servitor     Conj/Summ      7%         N/A       100%        7
 Summon Hydra             Summ           7%         N/A       100%        7
 Discord                  Hex            7%         N/A       100%        8
 Disjunction              Tloc           7%         N/A       100%        8
 Ignition                 Fire           7%         3d5       100%        8
 Lehudib's Crystal Spear  Conj/Erth      26%        10d7      100%        8
 Summon Horrible Things   Summ           7%         N/A       100%        8
 Animate Armour           Summ/Erth      Unusable   N/A       N/A         4

Dungeon Overview and Level Annotations

Branches:
Dungeon (15/15)            Temple (1/1) D:4            Lair (6/6) D:9
  Swamp (4/4) Lair:4        Snake (4/4) Lair:3        Slime (5/5) Lair:5
    Orc (2/2) D:11            Elf (3/3) Orc:2        Vaults (5/5) D:14
  Crypt (0/3) Vaults:3     Depths (4/4) D:15            Zot (5/5) Depths:4
Ossuary (visited)          Bailey (visited)

Altars:
Ashenzari
Cheibriados
Dithmenos
Gozag
Hepliaklqana
Nemelex Xobeh
Okawaru
Qazlal
Ru
Sif Muna
Trog
Vehumet
Wu Jian
Xom
Yredelemnul
Zin
The Shining One
Beogh
Lugonu

Shops:
D:4 =   D:5 *   D:10 :   Orc:2 **:?::   Swamp:4 *   Snake:1 ?=   Vaults:1 (
Vaults:2 !   Vaults:4 ?::   Depths:3 (

Portals:
Hell: Depths:1 Depths:2 Depths:3 Depths:4
Abyss: D:6 Depths:3
Pandemonium: Depths:2
Ziggurat: Depths:4

Annotations:
D:2 exclusion: scorpion
D:3 exclusion: centaur
D:6 2 runed translucent doors
D:8 Joseph
Elf:1 1 runed translucent door
Elf:2 3 runed translucent doors
Elf:3 exclusions: deep elf annihilator and 2 more exclusions


Innate Abilities, Weirdness & Mutations

You are a living statue of rough stone.
Your actions are slow, but your melee attacks are powerful.
You are resistant to unholy torment.
Your maximum health is greatly increased.
You are immune to poison.
You cannot wear most types of armour.
You are amphibious.
You can wear up to eight rings at the same time.
Your skin changes colour to match your surroundings (Stealth+).
((Your rubbery body absorbs attacks. (AC +1, EV +1)))
((You are camouflaged when in or above water. (Stealth+)))
You have tentacles for arms and can constrict up to eight enemies at once.
You are agile. (Dex +2)
You possess an exceptional clarity of mind.
Your body sometimes deteriorates upon taking damage.
Your flesh is heat resistant. (rF+)
You passively map a small area around you.
You frequently scream uncontrollably at your foes.
Your spells are a little easier to cast, but a little less powerful.


Message History

The soul eater is severely wounded.
You constrict the soul eater, but do no damage.
The lorocyproca is no longer distracted by gold.
You block the soul eater's attack.
The lorocyproca hits you but does no damage.
You bludgeon the soul eater! You tentacle-slap the soul eater.
The soul eater is almost dead.
You constrict the soul eater. You block the soul eater's attack.
You block the lorocyproca's attack.
You tentacle-slap the soul eater but do no damage.
You squeeze the soul eater, but do no damage.
The soul eater is almost dead.
You constrict the soul eater. You block the soul eater's attack.
You bludgeon the lorocyproca! You grab the lorocyproca.
The lorocyproca is moderately wounded.
You constrict the lorocyproca. You constrict the soul eater.
The lorocyproca hits you!!
You feel your power leaking away. x2
The soul eater is distracted by your dazzling golden aura.
You batter the soul eater!!
You kill the soul eater!
You constrict the lorocyproca, but do no damage.
You block the lorocyproca's attack.
You thrash the lorocyproca!!!
You kill the lorocyproca!
You are no longer corroded.
You now have 9168 gold pieces (gained 5).
You now have 9181 gold pieces (gained 13).
Things that are here:
a +0 great sword; a +0 scale mail You now have 9186 gold pieces (gained 5).
Things that are here:
a +0 demon trident of draining; a +0 chain mail; a +0 kite shield You start resting.
HP restored.
You reach down and open the door.
There is an open door here.
Your transformation is almost over.
There is a staircase leading out of the dungeon here.
You have escaped!

## .# .#####
.....##############
....##≈P≈.........#
.....#≈≈P##.###.8.#
....##P≈P##.# #...#
.#.###.##P≈P# ###.#
##.# #.##≈PP# #.#
#.# #...≈P≈#####.#
##'###.#####≈≈P...#
#...##.# #P≈P##.#
.....#.### #≈PP##.#
.....#...# #.##P≈≈#


There were no monsters in sight!

Vanquished Creatures
  the Royal Jelly (Slime:5)
  A pandemonium lord (D:15)
  7 orbs of fire (Zot:5)
  An ancient lich (Zot:5)
  Mara (Snake:4)
  A juggernaut (Depths:3)
  5 Killer Klowns (Zot:5)
  Boris (thrice) (Vaults:2 Depths:3 Depths:4)
  the Lernaean hydra (Swamp:4)
  A curse toe (Zot:2)
  Nikola (Snake:3)
  A profane servitor (Depths:4)
  2 golden dragons
  A Tzitzimitl (Depths:1)
  Jorgrun (Swamp:3)
  11 tentacled monstrosities
  2 hellephants (Depths:1)
  27 Orb Guardians
  2 liches
  Asterion (Snake:2)
  2 deep elf blademasters (Elf:3)
  6 quicksilver dragons
  2 tentacled starspawn (Abyss:1)
  2 titans (Vaults:5)
  2 deep elf master archers (Elf:3)
  The ghost of Johip the Devastator, an adept GrEE of Gozag (Vaults:1)
  13 acid blobs
  Frances (Snake:1)
  10 death cobs
  8 tengu reavers
  3 thorn hunters
  5 sphinxes
  6 storm dragons
  Donald (Orc:2)
  5 shadow dragons
  7 nagarajas
  Kirke (Swamp:1)
  A fenstrider witch (Swamp:3)
  10 rockslimes
  11 azure jellies
  6 deep elf sorcerers
  11 frost giants
  2 draconian monks
  11 fire giants
  Louise (Snake:1)
  2 draconian knights (Zot:4)
  2 iron dragons
  4 draconian scorchers
  2 cacodemons
  3 orc warlords
  5 draconian shifters
  Aizul (Snake:2)
  A balrug (Depths:1)
  17 vault wardens
  4 ghost moths (Zot:5)
  3 deep elf elementalists (Elf:3)
  29 ironbound preservers
  A draconian stormcaller (Zot:3)
  4 spriggan defenders
  11 quicksilver oozes
  A demonspawn corrupter (D:1)
  13 ironbound thunderhulks
  18 stone giants
  4 draconian annihilators
  25 very ugly things
  3 eleionomae
  2 vampire knights
  3 war gargoyles
  6 deep elf demonologists
  Azrael (Orc:2)
  7 dire elephants
  4 lorocyprocas
  8 green draconians
  2 entropy weavers (Vaults:1)
  8 deep elf annihilators
  7 red draconians
  11 black draconians
  11 white draconians
  9 purple draconians
  8 yellow draconians
  2 bunyips
  A demonspawn black sun (D:1)
  8 spark wasps
  An eidolon (Vaults:3)
  The ghost of Laemies the Protected, a journeyman DsAK of Lugonu (Orc:1)
  A crystal guardian (Abyss:1)
  10 ettins
  6 deep elf death magi (Elf:3)
  A blizzard demon (D:14)
  11 great orbs of eyes
  A green death (Depths:2)
  Josephine (Lair:5)
  2 jiangshi (Depths:4)
  12 yaktaur captains
  11 fire dragons
  6 deep elf high priests
  6 rakshasas
  2 salamander tyrants
  8 boulder beetles
  13 naga warriors
  30 vault guards
  21 hydras
  A merfolk avatar (Lair:6)
  8 spriggan air magi
  5 ice dragons
  3 peacekeepers (Vaults:4)
  2 catoblepae
  3 ghost crabs
  6 ironbound frosthearts
  7 anacondas
  5 ogre magi (Vaults:5)
  8 hell hogs (Depths:1)
  11 centaur warriors
  A death knight (D:14)
  13 two-headed ogres
  8 death yaks (Lair:4)
  4 deep troll earth magi
  11 deep troll shamans
  2 tengu warriors
  3 orc high priests
  7 alligators
  22 naga sharpshooters
  A shock serpent (shapeshifter) (Vaults:2)
  14 deep elf knights
  Urug (Orc:1)
  5 shock serpents
  3 sun demons (Depths:1)
  2 soul eaters
  10 hell knights
  A vampire mage (Depths:4)
  Amaemon (Lair:1)
  4 spriggan berserkers
  8 iron trolls
  6 sixfirhies
  4 skeletal warriors (D:15)
  A salamander mystic (Snake:3)
  7 goliath frogs
  A sea snake (shapeshifter) (Vaults:5)
  A swamp dragon (shapeshifter) (Depths:4)
  7 spriggan druids
  An orb spider (Abyss:1)
  A flayed ghost (Depths:4)
  7 glowing orange brains
  14 swamp dragons
  3 naga ritualists
  7 sea snakes
  2 bog bodies (Swamp:1)
  An obsidian statue (Zot:5)
  95 deep trolls
  15 deep elf archers
  21 ironbound convokers
  6 harpies
  6 phantasmal warriors
  10 orc knights
  13 lindwurms
  7 necromancers
  5 wizards
  21 deep elf pyromancers
  3 oklob plants (Lair:5)
  32 ugly things
  A mana viper (shapeshifter) (Vaults:5)
  24 deep elf zephyrmancers
  A wolf spider (D:14)
  3 shining eyes
  3 will-o-the-wisps
  11 salamanders
  16 orc sorcerers
  7 cyclopes
  A manticore (shapeshifter) (Vaults:5)
  11 mana vipers
  4 manticores
  An elephant (shapeshifter) (Vaults:5)
  2 worldbinders (Abyss:1)
  22 black mambas
  19 elephants
  A frost giant skeleton (Vaults:3)
  17 moths of wrath
  A black mamba (shapeshifter) (Vaults:5)
  2 centaur zombies (D:15)
  2 eyes of devastation
  5 guardian serpents
  A rust devil (Depths:1)
  16 vault sentinels
  5 smoke demons
  2 orange demons
  19 cane toads
  20 naga magi
  3 gargoyles (D:13)
  A minotaur zombie (Abyss:1)
  2 centaur skeletons (D:15)
  3 kobold demonologists
  37 yaktaurs
  2 yaktaur zombies
  A rime drake (Lair:3)
  2 efreet
  2 tengu conjurers (Depths:2)
  Psyche (D:12)
  10 komodo dragons
  6 freezing wraiths
  4 ice devils
  An ancient zyme (Abyss:1)
  A hellwing (Zot:5)
  A meliai (D:12)
  6 trolls
  A tengu simulacrum (Vaults:2)
  A red devil (Depths:2)
  A bloated husk (Swamp:2)
  A meliai (shapeshifter) (D:14)
  33 blink frogs
  9 hornets
  5 polar bears (Lair:6)
  A slime creature (shapeshifter) (Vaults:5)
  A blink frog (shapeshifter) (D:14)
  8 tyrant leeches
  2 human simulacra
  77 slime creatures
  6 dream sheep (Lair:4)
  A snapping turtle (Lair:6)
  4 large abominations
  11 water elementals
  A jumping spider (shapeshifter) (D:14)
  2 shadows
  3 air elementals
  2 centaur simulacra
  11 spriggans
  3 hogs (Swamp:1)
  31 yaks
  3 wyverns
  7 fire elementals
  A yak (shapeshifter) (Vaults:5)
  A culicivora (Vaults:1)
  2 ynoxinuls
  3 small abominations (Abyss:1)
  11 basilisks
  7 wraiths
  2 neqoxecs (Abyss:1)
  2 humans (shapeshifter)
  A golden eye (Slime:5)
  3 chaos spawn
  2 redbacks (shapeshifter)
  19 swamp worms
  3 steam dragons
  17 vampire mosquitoes
  5 wargs
  3 acid dragons
  40 nagas
  6 hell hounds
  An ogre zombie (Vaults:3)
  A floating eye (shapeshifter) (Depths:2)
  14 water moccasins
  34 orc warriors
  2 ice beasts
  4 sky beasts
  10 swamp drakes
  An elf simulacrum (Vaults:3)
  3 boggarts
  14 ogres
  14 wolves
  29 centaurs
  2 phantoms
  7 kobold brigands
  12 bullfrogs
  A necrophage (D:5)
  2 gnoll sergeants (D:7)
  2 earth elementals (Elf:1)
  A scorpion (shapeshifter) (D:12)
  A scorpion (D:5)
  3 water moccasin zombies (Ossuary)
  13 wights
  8 killer bees (D:9)
  5 howler monkeys
  7 electric eels
  A quasit (Abyss:1)
  17 orc priests
  5 hounds
  6 jellies
  2 gnoll shamans
  An iron imp (Abyss:1)
  47 orc wizards
  3 iguanas
  2 mummies (Ossuary)
  22 gnolls
  3 adders (D:2)
  A shadow imp (D:7)
  5 white imps
  An ufetubus (D:5)
  5 adder zombies (Ossuary)
  A worm (D:2)
  3 dart slugs
  109 orcs
  9 endoplasms
  4 giant cockroaches
  3 gnoll zombies (Ossuary)
  6 goblins
  2 hobgoblins
  6 jackals
  17 kobolds
  6 quokkas
  8 ball pythons
  7 bats
  5 frilled lizards
  10 hobgoblin zombies (Ossuary)
  7 kobold zombies (Ossuary)
  4 orc zombies (Ossuary)
  10 rats
  5 briar patches
2258 creatures vanquished.

Vanquished Creatures (others)
  18 dancing weapons
  A deep elf knight (Elf:3)
  A deep elf zephyrmancer (Elf:3)
  2 humans (Swamp:1)
  A naga (Snake:3)
  A wolf (shapeshifter) (Vaults:1)
  An orc (Orc:1)
  A briar patch (Swamp:4)
  12 foxfires
  36 fungi
  98 plants
  7 starspawn tentacles (Abyss:1)
179 creatures vanquished.

Grand Total: 2437 creatures vanquished

Notes
Turn   | Place    | Note
-------+----------+-------------------------------------------
     0 | D:1      | Ajdolov the Octopode Transmuter began the quest for the
                  | Orb.
     0 | D:1      | Reached XP level 1. HP: 13/13 MP: 3/3
    32 | D:1      | Reached skill level 1 in Stealth
   455 | D:1      | Reached XP level 2. HP: 18/18 MP: 5/5
   949 | D:1      | Reached XP level 3. HP: 22/23 MP: 6/6
  1418 | D:2      | Noticed a scorpion
  1599 | D:2      | Reached skill level 5 in Stealth
  1602 | D:2      | Reached XP level 4. HP: 6/28 MP: 7/7
  1848 | D:2      | Learned a level 4 spell: Ice Form
  2271 | D:2      | Found a faded altar of an unknown god.
  2481 | D:2      | Reached XP level 5. HP: 29/34 MP: 8/8
  2671 | D:3      | Noticed a centaur
  2699 | D:3      | Reached skill level 1 in Ice Magic
  3159 | D:4      | Noticed a sky beast
  3160 | D:4      | Killed a sky beast
  3161 | D:4      | Reached skill level 4 in Unarmed Combat
  3161 | D:4      | Reached XP level 6. HP: 42/42 MP: 9/9
  3244 | D:4      | Found Ykulum's Jewellery Shoppe.
  3260 | D:4      | Found a snail-covered altar of Cheibriados.
  3359 | D:4      | Found a radiant altar of Vehumet.
  3553 | D:4      | Found a staircase to the Ecumenical Temple.
  3562 | Temple   | Entered the Ecumenical Temple
  3623 | Temple   | Became a worshipper of Gozag Ym Sagoz the Greedy
  4130 | D:5      | Entered Level 5 of the Dungeon
  4158 | D:5      | Found a glowing golden altar of the Shining One.
  4315 | D:5      | Found Loucenoe's General Store.
  4318 | D:5      | Bought 2 potions of heal wounds for 110 gold pieces
  4377 | D:5      | Noticed a sky beast
  4381 | D:5      | Reached XP level 7. HP: 44/47 MP: 10/10
  4398 | D:5      | Reached skill level 5 in Unarmed Combat
  4594 | D:5      | Found a broken altar of Ashenzari.
  4652 | D:5      | Found a shadowy altar of Dithmenos.
  4936 | D:6      | Reached XP level 8. HP: 54/54 MP: 11/11
  4960 | D:6      | Reached skill level 5 in Fighting
  5029 | D:6      | Reached skill level 6 in Unarmed Combat
  5447 | D:6      | Found a large runed translucent door.
  5448 | D:6      | Found a large runed translucent door.
  5455 | D:6      | Found a corrupted altar of Lugonu.
  5460 | D:6      | Identified the +6 rapier "Inobbo" {distort, rCorr Dex+7}
  5565 | D:6      | Found a glowing silver altar of Zin.
  5717 | D:6      | Found a one-way gate to the infinite horrors of the Abyss.
  5855 | D:7      | Reached skill level 7 in Unarmed Combat
  5855 | D:7      | Reached XP level 9. HP: 62/62 MP: 12/12
  5945 | D:7      | Identified the +5 falchion "Usahyd" {drain, Will+ Int+2}
  6163 | D:7      | Found a sand-covered staircase.
  6189 | Ossuary  | Entered an ossuary
  6271 | Ossuary  | Reached skill level 8 in Unarmed Combat
  7098 | D:8      | Found a hazy altar of Hepliaklqana.
  7103 | D:8      | Found an ornate altar of the Wu Jian Council.
  7358 | D:8      | Reached skill level 9 in Unarmed Combat
  7420 | D:8      | Identified the ring of Orune {Drain +Blink Fly rElec Will+}
  7456 | D:8      | Noticed Joseph
  7678 | D:9      | Found a staircase to the Lair.
  7703 | D:9      | Reached XP level 10. HP: 72/72 MP: 10/13
  7736 | D:9      | Found a flagged portal.
  7756 | Bailey   | Entered a bailey
  8153 | Bailey   | Reached skill level 10 in Unarmed Combat
  8962 | Bailey   | Reached skill level 11 in Unarmed Combat
  9841 | D:9      | Found a sparkling altar of Nemelex Xobeh.
 10045 | D:10     | Entered Level 10 of the Dungeon
 10060 | D:10     | Noticed a two-headed ogre
 10060 | D:10     | Noticed a two-headed ogre
 10075 | D:10     | Killed a two-headed ogre
 10076 | D:10     | Reached skill level 10 in Fighting
 10076 | D:10     | Reached XP level 11. HP: 47/81 MP: 9/14
 10140 | D:10     | Killed a two-headed ogre
 10141 | D:10     | Reached skill level 12 in Unarmed Combat
 10141 | D:10     | Found the +12 pair of quick blades "Gyre" and "Gimble"
                  | {protect}
 10209 | D:10     | Found an iron altar of Okawaru.
 10410 | D:10     | Noticed a two-headed ogre
 10419 | D:10     | Killed a two-headed ogre
 10567 | D:10     | Found Ithrugra's Book Boutique.
 10582 | D:10     | Bought a book of the Earth for 432 gold pieces
 10582 | D:10     | Bought Great Wizards, Vol. II for 456 gold pieces
 10582 | D:10     | Bought a Trismegistus Codex for 336 gold pieces
 10589 | D:10     | Learned a level 6 spell: Eringya's Noxious Bog
 10593 | D:10     | Learned a level 3 spell: Ignite Poison
 10760 | D:10     | Found a bloodstained altar of Trog.
 10868 | D:10     | Reached skill level 1 in Poison Magic
 11472 | D:11     | Reached skill level 13 in Unarmed Combat
 11830 | D:11     | Noticed a two-headed ogre
 11843 | D:11     | Killed a two-headed ogre
 12082 | D:11     | Noticed a cyclops
 12091 | D:11     | Killed a cyclops
 12302 | D:11     | Found a staircase to the Orcish Mines.
 12438 | Lair:1   | Entered Level 1 of the Lair of Beasts
 12471 | Lair:1   | Reached XP level 12. HP: 91/91 MP: 13/17
 12524 | Lair:1   | Noticed Amaemon
 12544 | Lair:1   | Killed Amaemon
 12650 | Lair:1   | Reached skill level 5 in Poison Magic
 12709 | Lair:1   | You are sucked into a shaft and drop 1 floor!
 12717 | Lair:2   | Reached skill level 5 in Transmutations
 13935 | Lair:2   | Reached skill level 14 in Unarmed Combat
 14259 | Lair:3   | Reached XP level 13. HP: 99/99 MP: 14/18
 14328 | Lair:3   | Found a staircase to the Snake Pit.
 15273 | Lair:3   | Learned a level 6 spell: Statue Form
 15386 | Lair:4   | Reached skill level 1 in Earth Magic
 15971 | Lair:4   | Reached XP level 14. HP: 48/108 MP: 17/20
 16213 | Lair:4   | Reached skill level 5 in Earth Magic
 16217 | Lair:4   | Reached skill level 10 in Transmutations
 16412 | Lair:4   | Found a staircase to the Swamp.
 16573 | Lair:5   | Reached skill level 15 in Fighting
 16622 | Lair:5   | Noticed Josephine
 16636 | Lair:5   | Killed Josephine
 17434 | Lair:6   | Entered Level 6 of the Lair of Beasts
 17742 | Lair:6   | Reached skill level 10 in Poison Magic
 17827 | Lair:6   | Reached skill level 5 in Spellcasting
 17983 | Lair:6   | Found a radiant altar of Vehumet.
 18367 | Lair:6   | Found the +3 pair of seven-league boots {Rampage+∞}
 19235 | D:12     | Noticed Psyche
 19247 | D:12     | Cast into level 1 of the Abyss (Psyche)
 19327 | Abyss:1  | Noticed a tentacled starspawn
 19340 | Abyss:1  | Killed a tentacled starspawn
 19392 | Abyss:1  | Noticed a green draconian monk
 19400 | Abyss:1  | Noticed a tentacled starspawn
 19413 | Abyss:1  | Killed a tentacled starspawn
 19636 | Abyss:1  | Noticed a lorocyproca
 19660 | Abyss:1  | Killed a lorocyproca
 19723 | D:12     | Escaped the Abyss
 19726 | D:12     | Killed Psyche
 19967 | D:12     | Reached XP level 15. HP: 118/118 MP: 19/24
 20066 | D:12     | Identified the ring of Pyxiohum {Ice Will- Str+5 Int+2}
 20543 | Orc:1    | Entered Level 1 of the Orcish Mines
 20556 | Orc:1    | Reached skill level 10 in Earth Magic
 20579 | Orc:1    | Noticed Urug
 20584 | Orc:1    | Killed Urug
 21092 | Orc:2    | Entered Level 2 of the Orcish Mines
 21092 | Orc:2    | Noticed Donald
 21100 | Orc:2    | Killed Donald
 21210 | Orc:2    | Reached skill level 1 in Evocations
 22028 | Orc:1    | Found a runed translucent door.
 22028 | Orc:1    | Found a shimmering altar of Xom.
 22028 | Orc:1    | Noticed Laemies's ghost (journeyman DsAK)
 22065 | Orc:1    | Noticed an orc warlord
 22072 | Orc:1    | Killed an orc warlord
 22073 | Orc:1    | Reached skill level 1 in Shields
 22156 | Orc:1    | Killed Laemies's ghost
 22437 | Orc:2    | Noticed Azrael
 22468 | Orc:2    | Killed Azrael
 22549 | Orc:2    | Found a runed translucent door.
 22855 | Orc:2    | Found a staircase to the Elven Halls.
 22952 | Orc:2    | Found Southrat's Assorted Antiques.
 22952 | Orc:2    | Found Afroisoz's Assorted Antiques.
 22952 | Orc:2    | Found Maobir's Book Shoppe.
 22955 | Orc:2    | Found Qiweano's Magic Scroll Shoppe.
 22967 | Orc:2    | Bought a scintillating pewter ring for 165 gold pieces
 22967 | Orc:2    | Identified the ring "Plog" {rC+ Will+ Slay+3} (You bought
                  | it in a shop on level 2 of the Orcish Mines)
 23260 | Orc:2    | Learned a level 4 spell: Olgreb's Toxic Radiance
 23290 | Elf:1    | Entered Level 1 of the Elven Halls
 23290 | Elf:1    | Noticed a deep elf sorcerer
 23290 | Elf:1    | Found a runed translucent gate.
 23290 | Elf:1    | Found a runed translucent gate.
 23290 | Elf:1    | Found a runed translucent gate.
 23290 | Elf:1    | Found a runed translucent gate.
 23290 | Elf:1    | Found a runed translucent gate.
 23290 | Elf:1    | Found a runed translucent gate.
 23292 | Elf:1    | Found a runed translucent door.
 23302 | Elf:1    | Found a runed translucent door.
 23306 | Elf:1    | Killed a deep elf sorcerer
 23638 | Elf:1    | Reached skill level 5 in Shields
 23638 | Elf:1    | Paralysed by an air elemental for 1 turns
 23641 | Elf:1    | Paralysed by an air elemental for 1 turns
 23645 | Elf:1    | Reached skill level 15 in Unarmed Combat
 23650 | Elf:1    | Reached XP level 16. HP: 92/126 MP: 13/25
 23821 | Elf:1    | Paralysed by an air elemental for 1 turns
 24603 | Elf:2    | Reached skill level 5 in Evocations
 24870 | Elf:3    | Entered Level 3 of the Elven Halls
 25492 | Elf:2    | Found a runed translucent gate.
 25492 | Elf:2    | Found a runed translucent gate.
 25493 | Elf:2    | Found a runed translucent gate.
 25971 | D:13     | Reached skill level 16 in Unarmed Combat
 26862 | D:14     | Reached XP level 17. HP: 134/134 MP: 20/26
 27074 | D:14     | Found a gate to the Vaults.
 27607 | D:14     | Reached skill level 17 in Unarmed Combat
 27727 | D:15     | Entered Level 15 of the Dungeon
 28024 | D:15     | Found a staircase to the Depths.
 28770 | Snake:1  | Entered Level 1 of the Snake Pit
 28780 | Snake:1  | Noticed Frances
 28790 | Snake:1  | Killed Frances
 29071 | Snake:1  | Noticed Louise
 29084 | Snake:1  | Killed Louise
 29445 | Snake:1  | Reached skill level 10 in Shields
 29452 | Snake:1  | Reached skill level 18 in Unarmed Combat
 29852 | Snake:1  | Bought a scroll of acquirement for 572 gold pieces
 29852 | Snake:1  | Bought a scroll of teleportation for 33 gold pieces
 29852 | Snake:1  | Bought a scroll of amnesia for 38 gold pieces
 29852 | Snake:1  | Bought a scroll of fear for 38 gold pieces
 29853 | Snake:1  | Acquired 542 gold pieces
 29965 | Snake:2  | Reached XP level 18. HP: 140/140 MP: 19/27
 30243 | Snake:2  | Noticed Asterion
 30253 | Snake:2  | Killed Asterion
 30266 | Snake:2  | Noticed Aizul
 30278 | Snake:2  | Killed Aizul
 30544 | Snake:2  | Reached skill level 10 in Evocations
 31030 | Snake:3  | Found a shadowy altar of Dithmenos.
 31078 | Snake:3  | Noticed Nikola
 31087 | Snake:3  | Killed Nikola
 31726 | Snake:4  | Entered Level 4 of the Snake Pit
 31740 | Snake:4  | Reached skill level 19 in Unarmed Combat
 32229 | Snake:4  | Noticed Mara
 32243 | Snake:4  | Killed Mara
 32679 | Snake:4  | Got a serpentine rune of Zot
 32788 | Snake:4  | Reached XP level 19. HP: 108/146 MP: 22/28
 33151 | Swamp:1  | Entered Level 1 of the Swamp
 33260 | Swamp:1  | Noticed Kirke
 33265 | Swamp:1  | Killed Kirke
 33639 | Swamp:1  | Noticed a tentacled monstrosity
 33646 | Swamp:1  | Killed a tentacled monstrosity
 34644 | Swamp:3  | Noticed a tentacled monstrosity
 34653 | Swamp:3  | Killed a tentacled monstrosity
 34941 | Swamp:3  | Noticed Jorgrun
 34979 | Swamp:3  | Killed Jorgrun
 34984 | Swamp:3  | Reached skill level 20 in Unarmed Combat
 35197 | Swamp:3  | Identified the +1 leather armour of Kyhiaqec {Int+5}
 35392 | Swamp:4  | Entered Level 4 of the Swamp
 35739 | Swamp:4  | Noticed the 27-headed Lernaean hydra
 35750 | Swamp:4  | Killed the 27-headed Lernaean hydra
 35918 | Swamp:4  | Acquired 1047 gold pieces
 36251 | Swamp:4  | Got a decaying rune of Zot
 36639 | Swamp:4  | Bought the +2 shield of Resistance {rF++ rC++ Will++} for
                  | 908 gold pieces
 36639 | Swamp:4  | Found the +2 shield of Resistance {rF++ rC++ Will++}
 36986 | Vaults:1 | Entered Level 1 of the Vaults
 36986 | Vaults:1 | Found Funlag's Antique Weapon Boutique.
 37124 | Vaults:1 | Reached XP level 20. HP: 156/156 MP: 27/29
 37180 | Vaults:1 | Noticed Johip's ghost (adept GrEE)
 37182 | Vaults:1 | Found a transporter.
 37206 | Vaults:1 | Found a transporter.
 37261 | Vaults:1 | Killed Johip's ghost
 37373 | Vaults:1 | Identified the ring "Rijuevergh" {*Corrode rElec rN+ SInv}
 38781 | Vaults:2 | Noticed Boris
 38787 | Vaults:2 | Killed Boris
 39009 | Vaults:2 | Reached skill level 15 in Shields
 39645 | Vaults:2 | Reached XP level 21. HP: 162/162 MP: 26/30
 40428 | Vaults:2 | Bought a potion of haste for 140 gold pieces
 40428 | Vaults:2 | Bought a potion of curing for 42 gold pieces
 40428 | Vaults:2 | Bought a potion of heal wounds for 70 gold pieces
 40428 | Vaults:2 | Bought a potion of curing for 42 gold pieces
 40428 | Vaults:2 | Bought a potion of haste for 140 gold pieces
 40428 | Vaults:2 | Bought a potion of might for 56 gold pieces
 40428 | Vaults:2 | Bought a potion of curing for 42 gold pieces
 41211 | Vaults:3 | Reached skill level 15 in Transmutations
 41697 | Vaults:3 | Found a staircase to the Crypt.
 42867 | Vaults:4 | Reached XP level 22. HP: 126/168 MP: 30/33
 43857 | Vaults:4 | Bought a scroll of fog for 22 gold pieces
 43857 | Vaults:4 | Bought a scroll of teleportation for 33 gold pieces
 43857 | Vaults:4 | Bought a scroll of teleportation for 33 gold pieces
 43865 | Vaults:4 | Bought a manual of Unarmed Combat for 1120 gold pieces
 44162 | Depths:1 | Entered Level 1 of the Depths
 44392 | Depths:1 | Found a shadowy altar of Dithmenos.
 44468 | Depths:1 | Found a gateway to Hell.
 44983 | Depths:1 | Found a hazy altar of Hepliaklqana.
 45413 | Depths:2 | Reached skill level 10 in Spellcasting
 45472 | Depths:2 | Reached XP level 23. HP: 150/174 MP: 24/37
 46305 | Depths:2 | Found a one-way gate leading to the halls of Pandemonium.
 46549 | Depths:3 | Noticed Boris
 46566 | Depths:3 | Killed Boris
 46572 | Depths:3 | Reached skill level 15 in Evocations
 46865 | Depths:3 | Noticed a juggernaut
 46873 | Depths:3 | Killed a juggernaut
 47128 | Depths:3 | Found Hongocs's Antique Weapon Shoppe.
 47135 | Depths:3 | Found a stormy altar of Qazlal.
 47515 | Depths:3 | You are sucked into a shaft and drop 1 floor!
 47515 | Depths:4 | Entered Level 4 of the Depths
 48032 | Depths:4 | Reached skill level 21 in Unarmed Combat
 48324 | Depths:4 | Noticed a golden dragon
 48471 | Depths:4 | Noticed Boris
 48482 | Depths:4 | Killed Boris
 48483 | Depths:4 | Found a one-way gateway to a ziggurat.
 48958 | Depths:4 | Reached XP level 24. HP: 180/180 MP: 33/37
 49098 | Depths:4 | Found a gate to the Realm of Zot.
 49717 | Vaults:5 | Entered Level 5 of the Vaults
 49721 | Vaults:5 | Reached skill level 22 in Unarmed Combat
 49920 | Vaults:5 | Identified the ring "Viraneso" {rN+++ Str-4 Int+6 Dex-3
                  | SInv}
 50130 | Vaults:5 | Reached skill level 23 in Unarmed Combat
 50304 | Vaults:5 | Got a silver rune of Zot
 52079 | Lair:5   | Found a staircase to the Slime Pits.
 52149 | Slime:1  | Entered Level 1 of the Pits of Slime
 52159 | Slime:1  | Gained mutation: Your body sometimes deteriorates upon
                  | taking damage. [a shining eye]
 52171 | Slime:1  | Gained mutation: You occasionally shout uncontrollably at
                  | your foes. [a shining eye]
 52214 | Slime:1  | Reached XP level 25. HP: 163/186 MP: 33/37
 52634 | Slime:5  | Entered Level 5 of the Pits of Slime
 52705 | Slime:5  | Noticed the Royal Jelly
 52713 | Slime:5  | Killed the Royal Jelly
 52753 | Slime:5  | Found the +3 Elemental Staff {rElec rF++ rC++ AC+5}
 52792 | Slime:5  | Got Ukluoggosk's Volume of Weightlessness
 52794 | Slime:5  | Got Sif Muna's Catalogue of Creative Transformation
 52823 | Slime:5  | Got a slimy rune of Zot
 53123 | Slime:5  | Reached skill level 24 in Unarmed Combat
 54211 | Elf:3    | Reached skill level 5 in Dodging
 54237 | Elf:3    | Identified the +10 bardiche "Ozepuwk" {vorpal, Will+ Dex+5}
 54295 | Elf:3    | Found a gateway to a bazaar.
 54304 | Bazaar   | Entered a bazaar
 54351 | Bazaar   | Found Pithran's Antique Weapon Boutique.
 54352 | Bazaar   | Found Meczec's Weapon Shop.
 54378 | Bazaar   | Found Qafuured's Antique Armour Emporium.
 54378 | Bazaar   | Found Daosal's Jewellery Shoppe.
 54386 | Bazaar   | Bought an embroidered hat for 63 gold pieces
 54435 | Bazaar   | Found Fopp's Antique Armour Shop.
 54458 | Bazaar   | Found Adang's Antique Armour Boutique.
 54549 | Elf:3    | Paralysed by an air elemental for 1 turns
 55032 | Elf:3    | Identified the +1 plate armour of Ashenzari's Anger {rC+
                  | Dex-4 SInv}
 55162 | Elf:3    | Found the +2 cloak of the Thief {*Fog Slay-2 SInv Stlth+}
 55794 | Zot:1    | Entered Level 1 of the Realm of Zot
 56402 | Zot:3    | Reached XP level 26. HP: 179/195 MP: 14/37
 57009 | Zot:5    | Entered Level 5 of the Realm of Zot
 57018 | Zot:5    | Reached skill level 25 in Unarmed Combat
 57795 | Zot:5    | Noticed a Killer Klown
 57796 | Zot:5    | Noticed an orb of fire
 57798 | Zot:5    | Noticed a Killer Klown
 57798 | Zot:5    | Noticed an ancient lich
 57800 | Zot:5    | Noticed an orb of fire
 57801 | Zot:5    | Noticed a Killer Klown
 57805 | Zot:5    | Gained mutation: You sometimes lose the ability to read
                  | scrolls when taking damage. [an orb of fire]
 57806 | Zot:5    | Noticed a Killer Klown
 57806 | Zot:5    | Noticed an orb of fire
 57806 | Zot:5    | Noticed a Killer Klown
 57808 | Zot:5    | Noticed an orb of fire
 57809 | Zot:5    | Noticed an orb of fire
 57814 | Zot:5    | Noticed an orb of fire
 57816 | Zot:5    | Killed an orb of fire
 57817 | Zot:5    | Noticed an orb of fire
 57832 | Zot:5    | Killed an orb of fire
 57841 | Zot:5    | Gained mutation: Potions are less effective at restoring
                  | your health. [an orb of fire]
 57845 | Zot:5    | Killed an ancient lich
 57845 | Zot:5    | Gained mutation: You are occasionally teleported next to
                  | monsters. [an orb of fire]
 57852 | Zot:5    | Killed an orb of fire
 57858 | Zot:5    | Killed an orb of fire
 57867 | Zot:5    | Gained mutation: You are frail. (-10% HP) [an orb of fire]
 57871 | Zot:5    | Gained mutation: Your magical capacity is low. (-10% MP)
                  | [an orb of fire]
 57873 | Zot:5    | Killed an orb of fire
 57877 | Zot:5    | Killed a Killer Klown
 57900 | Zot:5    | Killed an orb of fire
 57900 | Zot:5    | Gained mutation: Your body often deteriorates upon taking
                  | damage. [an orb of fire]
 57908 | Zot:5    | Gained mutation: Your spells are a little easier to cast,
                  | but a little less powerful. [an orb of fire]
 57921 | Zot:5    | Killed an orb of fire
 58041 | Zot:5    | Lost mutation: Your magical capacity is low. (-10% MP)
                  | [potion of mutation]
 58041 | Zot:5    | Lost mutation: You sometimes lose the ability to read
                  | scrolls when taking damage. [potion of mutation]
 58041 | Zot:5    | Lost mutation: You are occasionally teleported next to
                  | monsters. [potion of mutation]
 58041 | Zot:5    | Gained mutation: You are dopey. (Int -2) [potion of
                  | mutation]
 58041 | Zot:5    | Gained mutation: You have a beak for a mouth. [potion of
                  | mutation]
 58042 | Zot:5    | Lost mutation: Potions are less effective at restoring your
                  | health. [potion of mutation]
 58042 | Zot:5    | Lost mutation: You have a beak for a mouth. [potion of
                  | mutation]
 58042 | Zot:5    | Gained mutation: You are very dopey. (Int -4) [potion of
                  | mutation]
 58042 | Zot:5    | Gained mutation: You frequently scream uncontrollably at
                  | your foes. [potion of mutation]
 58042 | Zot:5    | Gained mutation: You possess an exceptional clarity of
                  | mind. [potion of mutation]
 58043 | Zot:5    | Lost mutation: You are very dopey. (Int -4) [potion of
                  | mutation]
 58043 | Zot:5    | Lost mutation: Your body often deteriorates upon taking
                  | damage. [potion of mutation]
 58043 | Zot:5    | Gained mutation: You passively map a small area around you.
                  | [potion of mutation]
 58043 | Zot:5    | Lost mutation: Your spells are a little easier to cast, but
                  | a little less powerful. [potion of mutation]
 58044 | Zot:5    | Lost mutation: You are frail. (-10% HP) [potion of
                  | mutation]
 58044 | Zot:5    | Lost mutation: You are dopey. (Int -2) [potion of mutation]
 58044 | Zot:5    | Gained mutation: Your flesh is heat resistant. (rF+)
                  | [potion of mutation]
 58044 | Zot:5    | Gained mutation: You are agile. (Dex +2) [potion of
                  | mutation]
 58092 | Zot:5    | Killed a Killer Klown
 58096 | Zot:5    | Killed a Killer Klown
 58100 | Zot:5    | Reached XP level 27. HP: 164/203 MP: 37/37
 58485 | Zot:5    | Got the Orb of Zot
 58975 | D:15     | Noticed Eledaro the pandemonium lord
 58990 | D:15     | Killed Eledaro the pandemonium lord
 58991 | D:15     | Reached skill level 26 in Unarmed Combat
 59207 | D:7      | Gained mutation: Your spells are a little easier to cast,
                  | but a little less powerful. [a cacodemon]
 59424 | D:$      | Escaped with the Orb!

Illustrated notes

Levels and vault maps discovered:
D:1:      psy_arrival_conway, layout_loops_corners, minmay_cupped
D:2:      layout_loops_ring, basic_ecumenical_altar, minmay_increasing_density
D:3:      layout_rooms
D:4:      layout_cave_pods, kennysheep_slug_shrine, vehumet_altar_wand_db,
          temple_green, serial_shops, shop
D:5:      minmay_evil_eye, layout_basic, nicolae_overflow_squiral,
          amcnicky_altar_gilded, serial_shops, kennysheep_mini
D:6:      due_chaos_kobolds, layout_cave_pools, zin_treasury,
          hangedman_decor_opposing
D:7:      layout_basic, nicolae_ossuary_entry_monument, minmay_fractal_squares_5
D:8:      layout_rooms, mainiacjoe_overflow_catwalk_spiral, uniq_joseph
D:9:      layout_long_grid, marbit_many_paths, lair_entry_dummy, enter_bailey_3,
          eino_jars
D:10:     layout_roguey, general_overflow_altar, nicolae_overflow_hidden_temple,
          serial_shops, nicolae_shop_window_shopping,
          hellmonk_guarded_unrand_gyre_and_gimble
D:11:     layout_basic, erik_orc_1, portal_ice_cave_demonic_guard
D:12:     layout_roguey, grunt_decor_mini_mirrors, chequers_serial_rivers_marsh,
          minmay_diamond_spiral, uniq_psyche
D:13:     minmay_opposing_rooms, layout_loops_ring, gauntlet_entry_generic,
          eino_tiny_chamber
D:14:     cross_vault, layout_irregular_city, david_vaults_5,
          hangedman_decor_diamond_cutter, eino_tiny_chamber
D:15:     grunt_enter_depths_magical_seal, layout_stronghold,
          serial_park_fountain, columned_hall_lemuel, chequers_avenue
Temple:   minmay_temple_curvy_loop
Lair:1:   layout_long_grid, uniq_amaemon
Lair:2:   layout_concentric_octagons
Lair:3:   layout_long_grid, minmay_snake_entry_spellcaster, grunt_megastairs_2
Lair:4:   layout_misc_corridors, minmay_swamp_entry_worms
Lair:5:   layout_gridlike, minmay_slime_entry_oklob_enclosed, uniq_josephine
Lair:6:   gammafunk_lair_ancient_temple, layout_misc_corridors, basic_altar,
          nicolae_lair_lil_pond, serial_bayou_shore_b
Swamp:1:  layout_basic_swamp, evilmike_swamp_ruin_rubble_2, swamp_pool2,
          nicolae_swamp_some_circles, uniq_kirke
Swamp:2:  layout_basic_swamp, nicolae_swamp_little_swirl, swamp_pool3
Swamp:3:  layout_basic_swamp, nicolae_swamp_tree_isthmus, uniq_jorgrun
Swamp:4:  swamp_old_school, layout_basic_swamp
Snake:1:  nicolae_snake_shooting_gallery, layout_misc_corridors, uniq_louise,
          uniq_frances
Snake:2:  layout_misc_corridors, st_stairs_14, grunt_megastairs_1,
          uniq_asterion, uniq_aizul
Snake:3:  nicolae_snake_hallway, layout_grid_shapes, basic_altar,
          nicolae_snake_bzzzt, uniq_nikola
Snake:4:  grunt_snake_rune_serpentine_throne, layout_grid_maze,
          grunt_megastairs_3, lemuel_fruit_tree, uniq_mara
Slime:1:  layout_caves
Slime:2:  cheibrodos_slime_lost_civilization_3, layout_caves
Slime:3:  cheibrodos_slime_lost_civilization_1, layout_caves, basic_altar,
          nicolae_slime_welcoming_committee
Slime:4:  layout_caves
Slime:5
Orc:1:    layout_diamond_mine, ebering_ghost_xom, rock_pile, uniq_urug
Orc:2:    st_orc_mages, layout_diamond_mine, lightli_church_of_beogh,
          uniq_donald, uniq_azrael
Elf:1:    nicolae_elf_arrival_dilemma, layout_gridlike,
          hangedman_corner_corridor, lemuel_upstairs_altar
Elf:2:    nicolae_elf_blades_splatter_lattice [mumra_blade_entry_dagger],
          layout_loops_cross, minivault_26
Elf:3:    grunt_elf_hall_spiral, layout_loops_ring, serial_shops, bzr_firewalk
Vaults:1: gammafunk_ghost_arena, st_cells, v_misc_18, grunt_vaults_diagonal,
          nicolae_vaults_windows_and_doors_thing, layout_vaults_quadrants,
          serial_shops, shop
Vaults:2: nicolae_vaults_ninety_degrees, grunt_vaults_hallway_short,
          vaults_dpeg_hooks, vaults_room_ringed_pool,
          nicolae_vaults_circle_grid_a, nicolae_vaults_branching_niches,
          v_pattern_1, v_alt_pattern_6, nicolae_vaults_network_barrier,
          vaults_mumra_lcd, grunt_vaults_focal, ontoclasm_vaults_gateway,
          nicolae_vaults_little_squares_4, v_misc_26,
          nicolae_vaults_diagonal_hallway_8, layout_vaults_maze_bifur,
          uniq_boris
Vaults:3: vaults_standard_mumra_x, ontoclasm_vaults_shuriken,
          minmay_crypt_entry_simple_walls, ontoclasm_vaults_chip, v_misc_9,
          nicolae_vaults_little_squares_4, ontoclasm_vaults_pinch, v_misc_16,
          nicolae_vaults_gold_heap, nicolae_vaults_little_squares_2,
          ontoclasm_vaults_tryst, v_misc_30, vaults_room_grid,
          layout_vaults_chaotic_city, serial_glass
Vaults:4: nicolae_vaults_yaktaur_gun_rack, hangedman_vaults_nodes,
          nicolae_vaults_ring_of_whatevers, nicolae_vaults_angled_halls,
          nicolae_vaults_inception_scallops, vaults_room_pools, v_misc_32,
          vaults_mumra_minichess_inversion, hangedman_vaults_capsules,
          v_misc_29, vaults_dpeg_spiral, ontoclasm_vaults_twist,
          nicolae_vaults_shelves_hall, grunt_vaults_hallway_short,
          ontoclasm_vaults_ligature, layout_vaults_ring
Vaults:5: serial_shops
Depths:1: layout_basic, nicolae_hepliaklqana_hippocampus, grunt_hell_horde,
          serial_bayou_pond_a, grunt_dithmenos_smoke, kennysheep_random_hallway
Depths:2: hellmonk_crumbling_castle, layout_basic, pf_hell_entry_tar_spiral,
          grunt_pan_entry_zigzag, grunt_decor_cap, feat_on_display,
          infiniplex_staircase_pillars_3b
Depths:3: kennysheep_six_static_rooms, layout_cave_pools, serial_shops,
          kennysheep_mini_moat, abyss_entry_crystal, grunt_hell_entry_dis_old,
          nicolae_concentric_dashed_squares_wild, grunt_qazlal_sundering
Depths:4: grunt_runaround [grunt_runaround_doors_1, grunt_runaround_doors_2,
          grunt_runaround_doors_3, grunt_runaround_doors_4,
          grunt_runaround_zot], hell_entry
Zot:1:    layout_onion_interference, drop_trap
Zot:2:    layout_misc_corridors
Zot:3:    layout_misc_corridors
Zot:4:    layout_concentric_octagons, grunt_ministairs_4
Zot:5:    layout_basic, skrybe_zot_glass_1

Skill      XL: |  1  2  3  4  5  6  7  8  9 10 11 12 13 14 15 16 17 18 19 20 21 22 23 24 25 26 27 |
---------------+----------------------------------------------------------------------------------+-----
Stealth        | 2 3 5 |  5.1
Fighting       | 3 4 6 7 10 12 13 14 16 17 18 19 20 | 20.7
Ice Magic      | 1 2 3 4 |  4.4
Unarmed Combat | 4 5 7 9 11 13 14 15 16 18 19 20 21 23 24 25 26 | 26.0
Transmutations | 3 4 7 9 10 11 12 13 15 16 | 16.4
Poison Magic   | 4 8 9 10 | 10.0
Spellcasting   | 3 4 6 7 10 | 10.7
Earth Magic    | 4 9 10 11 12 13 | 13.1
Evocations     | 4 6 9 10 11 12 14 15 16 18 20 21 | 21.1
Shields        | 5 8 10 12 15 17 18 19 20 | 20.0
Dodging        | 6 8 9 |  9.6

Action                   |  1- 3 |  4- 6 |  7- 9 | 10-12 | 13-15 | 16-18 | 19-21 | 22-24 | 25-27 || total
-------------------------+-------+-------+-------+-------+-------+-------+-------+-------+-------++-------
Melee: Unarmed           |    69 |    97 |   273 |   461 |   793 |   651 |   740 |   868 |   801 ||  4753
       Tentacles         |    18 |    21 |    42 |     6 |   117 |   184 |   218 |   322 |   317 ||  1245
       Constrict         |    14 |    25 |    39 |     6 |    83 |    98 |   109 |   114 |   130 ||   618
       Punch             |       |     3 |    15 |     1 |    34 |    84 |   129 |   212 |   216 ||   694
 Cast: Ice Form          |       |       |    14 |    49 |    32 |       |     1 |       |       ||    96
       Ignite Poison     |       |       |       |       |    13 |    13 |    14 |    14 |    16 ||    70
       Eringya's Noxious |       |       |       |       |    10 |     6 |    20 |    12 |     7 ||    55
       Statue Form       |       |       |       |       |    47 |    80 |    97 |    93 |    64 ||   381
       Olgreb's Toxic Ra |       |       |       |       |     5 |    13 |     7 |    14 |    21 ||    60
Invok: Call Merchant     |       |       |       |       |     2 |     2 |     2 |     3 |       ||     9
       Potion Petition   |       |       |       |       |       |     3 |     1 |     3 |     7 ||    14
Evoke: Wand              |       |       |       |     3 |     1 |    21 |     2 |       |     1 ||    28
       Condenser vane    |       |       |       |       |       |     2 |     1 |       |     3 ||     6
  Use: Scroll            |       |     3 |    13 |     2 |     6 |     8 |     2 |     3 |    11 ||    48
       Potion            |       |       |       |       |     5 |     2 |     2 |     1 |    10 ||    20
 Stab: Sleeping          |    13 |    19 |    12 |     6 |     4 |     8 |    23 |     3 |     5 ||    93
       Distracted        |       |     1 |     1 |     1 |     9 |    11 |    10 |    20 |     5 ||    58
       Confused          |       |       |       |     2 |       |       |       |       |       ||     2
       Petrified         |       |       |       |       |       |     1 |       |       |       ||     1
       Invisible         |       |       |       |       |       |       |       |       |     1 ||     1
Armor: Skin              |     3 |    19 |    59 |   194 |   443 |   421 |   479 |   385 |   389 ||  2392
Dodge: Dodged            |    34 |    37 |   153 |   252 |   421 |   357 |   307 |   299 |   309 ||  2169
Block: Buckler           |       |       |       |       |       |   188 |    95 |       |       ||   283
       Kite shield       |       |       |       |       |       |       |   384 |   615 |   574 ||  1573

Table legend: (Time is in decaauts)
 A = Elapsed time spent in this place.
 B = Non-inter-level travel time spent in this place.
 C = Inter-level travel time spent in this place.
 D = Time resting spent in this place.
 E = Time spent auto-exploring this place.
 F = Levels seen in this place.
 G = Mean time per level.
                   A        B        C        D        E       F      G
               +--------+--------+--------+--------+--------+-----+--------+
         Total |  67372 |  61613 |   5759 |   6144 |  38518 |  58 | 1161.6 |
       Dungeon |  17294 |  14635 |   2659 |   1319 |  10081 |  15 | 1152.9 |
        Temple |     93 |     65 |     28 |      0 |     50 |   1 |   93.0 |
          Lair |   7332 |   6538 |    794 |    817 |   4323 |   6 | 1222.0 |
         Swamp |   4313 |   4157 |    156 |    280 |   2886 |   4 | 1078.2 |
     Snake Pit |   5121 |   4957 |    164 |    756 |   2883 |   4 | 1280.2 |
    Slime Pits |   1468 |   1425 |     43 |     99 |    745 |   5 |  293.6 |
  Orcish Mines |   2774 |   2560 |    214 |    271 |   1362 |   2 | 1387.0 |
   Elven Halls |   4692 |   4247 |    445 |    496 |   2446 |   3 | 1564.0 |
        Vaults |  11332 |  10676 |    656 |    412 |   7499 |   5 | 2266.4 |
        Depths |   7067 |   6483 |    584 |    218 |   4557 |   4 | 1766.8 |
           Zot |   3388 |   3375 |     13 |    931 |    787 |   5 |  677.6 |
         Abyss |    598 |    598 |      0 |    152 |     95 |   1 |  598.0 |
        Bazaar |    213 |    213 |      0 |     22 |    126 |   1 |  213.0 |
       Ossuary |    349 |    349 |      0 |      0 |    255 |   1 |  349.0 |
        Bailey |   1330 |   1330 |      0 |    367 |    421 |   1 | 1330.0 |
               +--------+--------+--------+--------+--------+-----+--------+

Top non-repeatable levels by time:
Vaults:4: 2320 daAuts
Vaults:3: 2299 daAuts
Vaults:2: 2256 daAuts
Vaults:1: 2236 daAuts
Vaults:5: 2219 daAuts
Depths:4: 2214 daAuts
Depths:2: 1782 daAuts
   Elf:3: 1777 daAuts
   Zot:5: 1770 daAuts
   Elf:1: 1703 daAuts
    D:14: 1625 daAuts
Depths:3: 1608 daAuts
 Swamp:4: 1572 daAuts
     D:1: 1504 daAuts
  Lair:5: 1485 daAuts
